Map: Nightshade LE

Players

Bunny

  • Race: Terran Terran
  • Spawn Location: 11:00

lllllllllll (sOs) - Winner!

  • Race: Protoss Protoss
  • League: Grandmaster
  • Spawn Location: 5:00

VOD

Have the link to the VOD?

Description

Time

  • Played on: Jan. 16, 2020, 5:53 a.m.
  • Length: 9:28
Show
View Real Time Build Order
Export as new Build Order

Bunny Terran 

Build Orders: Reaper Expand 

Get SALT Encoding   

  12  0:00  SCV  
  13  0:13  SCV  
  14  0:17  Supply Depot  
  14  0:25  SCV  
  15  0:38  SCV  
  15  0:41  Barracks  
  16  0:42  Refinery  
  16  0:50  SCV  
  17  1:02  SCV  
  18  1:15  SCV  
  19  1:28  Orbital Command, Reaper  
  20  1:42  Command Center  
  20  1:53  SCV  
  21  1:57  Supply Depot  
  21  2:00  Marine  
  22  2:05  SCV  
  23  2:09  Factory  
  23  2:19  SCV  
  23  2:20  Barracks Reactor  
  24  2:22  Bunker  
  24  2:27  Refinery  
  24  2:31  SCV  
  25  2:43  SCV  
  26  2:53  Hellion  
  26  2:54  Orbital Command  
  26  2:55  Starport  
  26  2:58  SCV  
  29  2:59  Orbital Command  
  29  3:01  Marine  
  29  3:04  Marine  
  31  3:10  SCV  
  32  3:14  Widow Mine  
  34  3:22  SCV, Marine  
  34  3:23  Marine  
  34  3:26  SCV  
  38  3:32  Medivac  
  40  3:34  SCV, Supply Depot  
  40  3:37  Widow Mine  
  40  3:39  SCV  
  44  3:44  Marine x2  
  46  3:56  SCV x2  
  46  3:58  Barracks  
  46  3:59  Barracks  
  46  4:02  Factory Tech Lab  
  47  4:03  Starport Tech Lab  
  47  4:06  Marine x2  
  47  4:08  SCV x2  
  51  4:12  Refinery  
  51  4:14  Supply Depot  
  51  4:20  SCV x2  
  53  4:27  Supply Depot  
  53  4:29  Marine  
  54  4:35  Marine, Raven, SCV x2  
  54  4:36  Factory Reactor  
  59  4:44  Refinery  
  59  4:49  SCV x2  
  61  4:59  Supply Depot  
  55  5:01  Marine x2, SCV x2, Engineering Bay  
  55  5:02  Stimpack  
  55  5:03  Marauder  
  61  5:13  SCV x2  
  63  5:18  Marine  
  63  5:19  Marine  
  65  5:22  Widow Mine x2  
  65  5:24  Marauder  
  65  5:25  SCV x2  
  75  5:28  Marauder  
  75  5:29  Starport Reactor  
  75  5:34  Terran Infantry Weapons Level 1  
  73  5:35  Supply Depot  
  68  5:43  Marine x2  
  68  5:46  SCV, Marauder  
  68  5:47  SCV  
  72  5:50  Marauder  
  69  5:59  SCV x2, Supply Depot  
  69  6:00  Combat Shield  
  69  6:01  Marine x2  
  73  6:06  Medivac, Barracks  
  73  6:07  Medivac  
  73  6:08  Barracks  
  73  6:10  Marauder  
  79  6:13  Marauder  
  79  6:16  Widow Mine  
  79  6:17  Widow Mine  
  85  6:19  Marine  
  85  6:20  Marine  
  85  6:24  Supply Depot  
  87  6:36  Medivac  
  87  6:37  Medivac  
  87  6:38  Marauder x2  
  87  6:39  Marine x2  
  94  6:46  Supply Depot, Widow Mine x2  
  98  6:49  Concussive Shells  
  98  6:52  Supply Depot  
  98  6:58  Barracks Reactor  
  98  6:59  Marine, Marauder, Barracks Tech Lab  
  98  7:00  Marine  
  102  7:08  Supply Depot x2, Marauder  
  104  7:09  Medivac  
  104  7:12  Widow Mine  
  105  7:16  Widow Mine  
  105  7:21  Marauder x2  
  107  7:26  Marine x2  
  109  7:32  Marauder  
  109  7:35  Medivac  
  113  7:38  Widow Mine  
  113  7:39  Medivac  
  113  7:41  Marine x2  
  113  7:42  Marauder  
  119  7:48  Widow Mine  
  119  7:49  Marauder  
  121  7:56  Marine x2  
  121  7:57  Marauder  
  125  8:03  Marauder  
  127  8:10  Marauder  
  129  8:13  Marine  
  129  8:14  Marine x2  
  129  8:19  Marauder  
  134  8:25  Marauder  
  134  8:34  Marine  
  116  8:47  Marine  
  61  9:05  Marine  
Show
View Real Time Build Order
Export as new Build Order

lllllllllll Protoss - Winner!

Build Orders: 1 Gate Expand, Double Forge, Blink Stalkers 

Get SALT Encoding   

  12  0:00  Probe  
  13  0:12  Probe  
  14  0:16  Pylon  
  14  0:24  Probe (Chrono Boost)  
  15  0:37  Probe (Chrono Boost)  
  15  0:38  Gateway  
  16  0:44  Probe (Chrono Boost)  
  16  0:46  Assimilator  
  17  0:51  Probe  
  18  1:03  Probe  
  19  1:15  Probe  
  20  1:25  Cybernetics Core  
  20  1:27  Probe  
  23  1:37  Nexus  
  21  1:42  Pylon  
  21  1:45  Probe  
  22  1:51  Assimilator  
  22  1:57  Probe  
  22  1:59  Adept (Chrono Boost)  
  23  2:03  Warp Gate  
  25  2:09  Probe  
  26  2:21  Probe  
  26  2:22  Sentry  
  29  2:33  Probe  
  30  2:43  Gateway, Twilight Council  
  30  2:46  Probe (Chrono Boost)  
  30  2:49  Probe (Chrono Boost)  
  32  2:57  Probe (Chrono Boost)  
  34  2:59  Probe (Chrono Boost)  
  34  3:02  Probe (Chrono Boost)  
  34  3:04  Probe (Chrono Boost)  
  35  3:12  Probe  
  37  3:14  Blink (Chrono Boost)  
  37  3:16  Nexus  
  37  3:28  Probe x2  
  39  3:40  Probe  
  39  3:41  Probe  
  41  3:42  Pylon  
  40  3:51  Stalker  
  40  3:52  Probe  
  40  3:53  Probe, Stalker  
  45  4:04  Probe  
  45  4:05  Probe  
  45  4:09  Pylon  
  47  4:16  Probe, Stalker x2  
  52  4:17  Probe  
  52  4:23  Pylon  
  53  4:28  Probe, Pylon  
  53  4:29  Probe  
  53  4:30  Forge  
  55  4:36  Forge  
  55  4:37  Phoenix  
  55  4:40  Stalker  
  55  4:41  Probe  
  55  4:42  Stalker  
  55  4:44  Probe x2  
  62  4:58  Charge (Chrono Boost)  
  62  4:59  Probe x3  
  65  5:05  Protoss Ground Weapons Level 1 (Chrono Boost)  
  65  5:09  Gateway x2  
  65  5:14  Gateway  
  65  5:15  Gateway  
  65  5:20  Probe x2, Gateway, Protoss Ground Armor Level 1 (Chrono Boost)  
  67  5:22  Probe  
  67  5:26  Stalker  
  69  5:33  Gateway  
  68  5:35  Probe  
  68  5:36  Probe  
  70  5:53  Probe x2  
  72  5:59  Pylon, Stalker  
  72  6:01  Probe  
  75  6:05  Probe x2  
  75  6:06  Pylon, Zealot x3  
  75  6:11  Photon Cannon  
  83  6:13  Probe  
  83  6:16  Zealot x3  
  90  6:24  Robotics Facility  
  90  6:25  Zealot  
  90  6:29  Zealot x4  
  90  6:32  Pylon  
  100  6:36  Pylon  
  98  6:44  Photon Cannon  
  98  6:48  Zealot x4  
  98  6:49  Protoss Ground Weapons Level 2 (Chrono Boost)  
  98  6:52  Zealot x4  
  114  7:02  Protoss Ground Armor Level 2 (Chrono Boost)  
  114  7:03  Pylon  
  108  7:18  Robotics Bay  
  108  7:19  Stalker x2  
  108  7:20  Zealot x5  
  114  7:23  Zealot  
  114  7:24  Assimilator  
  116  7:38  Probe  
  116  7:40  Warp Prism (Chrono Boost)  
  119  7:48  Zealot x7  
  133  7:52  Pylon  
  133  7:53  Pylon  
  133  7:55  Pylon  
  133  7:56  Pylon  
  127  8:01  Stalker  
  129  8:08  Zealot x2  
  129  8:10  Stalker x4  
  129  8:12  Stalker  
  142  8:25  Zealot  
  144  8:31  Probe  
  143  8:35  Colossus (Chrono Boost)  
  143  8:36  Pylon  
  132  8:43  Zealot x2  
  132  8:45  Probe  
  103  9:00  Zealot x3  
  103  9:01  Zealot x3  
  98  9:05  Zealot x2  
  89  9:21  Zealot  
  89  9:22  Zealot x5  
Tags
 
Add a new tag
Caveats
  • Supply blocks, unpowered buildings, or Contaminate may cause inaccurate times.
  • Supply counts are checked every 10 seconds.